 Dungeon Crawl Stone Soup version 0.20.1-1-g8b1a95d66d (webtiles) character file.

105 Erymatos the Chopper (level 4, -20/61 HPs)
             Began as a Minotaur Berserker on Dec 6, 2017.
             Was a Believer of Trog.
             Demolished by an ogre
             ... wielding a +0 giant club
              (26 damage)
             ... on level 3 of the Dungeon.
             The game lasted 00:02:40 (1444 turns).

Erymatos the Chopper (Minotaur Berserker)           Turns: 1444, Time: 00:02:40

Health: -20/61     AC:  4    Str: 27    XL:     4   Next: 53%
Magic:  3/3        EV: 12    Int:  4    God:    Trog [**....]
Gold:   77         SH:  0    Dex: 10    Spells: 3/3 levels left

rFire    . . .     SeeInvis .   a - +0 hand axe
rCold    . . .     Gourm    .   (no shield)
rNeg     . . .     Faith    .   f - +0 leather armour
rPois    .         Spirit   .   (helmet restricted)
rElec    .         Reflect  .   (no cloak)
rCorr    .         Harm     .   j - +0 pair of gloves
MR       .....                  (no boots)
Stlth    ..........             l - amulet of inaccuracy (curse)
Regen    0.2/turn               (no ring)
MPRegen  0.1/turn               (no ring)

@: berserking, very quick
A: retaliatory headbutt, horns 2
a: Berserk, Trog's Hand, Burn Spellbooks, Renounce Religion


You were on level 3 of the Dungeon.
You worshipped Trog.
Trog was pleased with you.
You were hungry.

You visited 1 branch of the dungeon, and saw 3 of its levels.

You collected 77 gold pieces.

Inventory:

Hand Weapons
 a - a +0 hand axe (weapon)
Armour
 f - a +0 leather armour (worn)
 j - a +0 pair of gloves (worn)
Jewellery
 l - a cursed amulet of inaccuracy (around neck)
Scrolls
 d - a scroll of identify {unknown}
 e - a scroll of magic mapping {unknown}
 g - a scroll of enchant armour {unknown}
 i - a scroll of recharging {unknown}
 k - a scroll of amnesia {unknown}
 m - a scroll of fear {unknown}
 n - a scroll of teleportation {unknown}
 o - a scroll of immolation {unknown}
 p - a scroll of enchant weapon {unknown}
Potions
 b - a potion of might {unknown}
 h - a potion of haste {unknown}
 r - a potion of resistance {unknown}
Comestibles
 c - 3 bread rations
 q - a royal jelly


   Skills:
 + Level 4.6 Fighting
 + Level 5.0 Axes
 + Level 2.9 Armour
 + Level 3.0 Dodging


You had 3 spell levels left.
You didn't know any spells.

Dungeon Overview and Level Annotations

Branches:
Dungeon (3/15)

Altars:


Innate Abilities, Weirdness & Mutations

You reflexively headbutt those who attack you in melee.
You have a pair of horns on your head.


Message History

The ogre is moderately wounded.
You hit the orc. The ogre hits you with a giant club!
There are monsters nearby!
You barely miss the ogre.
The ogre is moderately wounded.
You miss the orc wizard. The orc completely misses you.
There are monsters nearby!
You barely miss the ogre.
The ogre is moderately wounded.
You miss the orc wizard. The orc wizard hits you with a dagger.
The ogre hits you with a giant club!!
Ouch! That really hurt!
* * * LOW HITPOINT WARNING * * *
The orc wizard hits you but does no damage.
You are too injured to fight recklessly!
A red film seems to cover your vision as you go berserk!
You feel yourself moving faster!
You feel mighty!
You are feeling hungry.
The ogre hits you with a giant club!!
You die...

.......# .#
#.......#.###
..
..#........
#.##.#......#
...#..o...##.
"...o[......
#.#oOo......
#.#.@.......
#.<.(..#....
##).........
#..##.##...
#†#........
....##### .
......
#.......
#%.......


You could see an ogre, an orc wizard and 3 orcs.

Vanquished Creatures
  A gnoll (D:1)
  2 adders
  3 worms
  2 leopard geckos (D:2)
  An orc (D:3)
  A ball python (D:1)
  7 bats
  A giant cockroach (D:1)
  7 goblins
  4 hobgoblins
  19 jackals
  4 frilled lizards (D:1)
  4 kobolds
  3 rats
59 creatures vanquished.

Notes
Turn   | Place    | Note
-------+----------+-------------------------------------------
     0 | D:1      | Erymatos the Minotaur Berserker began the quest for the Orb.
     0 | D:1      | Reached XP level 1. HP: 19/19 MP: 0/0
    39 | D:1      | Reached XP level 2. HP: 15/27 MP: 1/1
    42 | D:1      | Reached skill level 4 in Axes
   550 | D:1      | Reached XP level 3. HP: 23/34 MP: 2/2
   562 | D:1      | Reached ** piety under Trog
  1019 | D:2      | Reached XP level 4. HP: 41/41 MP: 3/3
  1428 | D:3      | Reached skill level 5 in Axes
  1438 | D:3      | Noticed an ogre
  1444 | D:3      | Demolished by an ogre

Skill      XL: |  1  2  3  4 |
---------------+-------------+-----
Axes           | 4 5 |  5.0
Fighting       | 4 |  4.6
Dodging        | 3 |  3.0
Armour         | |  2.9

Action                   |  1- 3 |  4- 6 || total
-------------------------+-------+-------++-------
Melee: Hand axe          |    85 |    30 ||   115
       Headbutt          |    11 |     7 ||    18
Invok: Berserk           |       |     1 ||     1
 Stab: Sleeping          |     1 |       ||     1
  Eat: Chunk             |       |     2 ||     2
Armor: Animal skin       |     4 |       ||     4
       Leather armour    |    26 |     9 ||    35
Dodge: Dodged            |    69 |    22 ||    91
